 Dungeon Crawl Stone Soup version 0.23.0 (webtiles) character file.

Game seed: 5986770540591077064

9 tidbits the Charmwright (level 2, -3/26 HPs)
             Began as a Gnoll Skald on Feb 11, 2019.
             Killed by nerve-wracking pain
             ... invoked by an orc priest
              (8 damage)
             ... on level 4 of the Dungeon.
             The game lasted 00:01:52 (200 turns).

tidbits the Charmwright (Gnoll Skald)                Turns: 200, Time: 00:01:53

Health: -3/26      AC:  4    Str: 13    XL:     2   Next: 16%
Magic:  4/7        EV: 14    Int: 15    God:
Gold:   30         SH:  0    Dex: 14    Spells: 5/10 levels left

rFire    . . .     SeeInvis .   a - +0 spear
rCold    . . .     Gourm    .   (no shield)
rNeg     . . .     Faith    .   b - +0 leather armour
rPois    .         Spirit   .   E - +0 helmet
rElec    .         Reflect  .   (no cloak)
rCorr    .         Harm     .   (no gloves)
MR       .....                  (no boots)
Stlth    +.........             (no amulet)
HPRegen  0.08/turn              (no ring)
MPRegen  0.10/turn              (no ring)

@: shrouded (expiring), singing
A: distributed training, fangs 1, strong nose
a: no special abilities


You were on level 4 of the Dungeon.
You were not hungry.

You visited 1 branch of the dungeon, and saw 4 of its levels.

You collected 30 gold pieces.

Inventory:

Hand Weapons
 a - a +0 spear (weapon)
Armour
 b - a +0 leather armour (worn)
 E - a +0 helmet (worn)
Comestibles
 d - a ration


   Skills:
 + Level 4.4 Fighting
 + Level 0.3 Short Blades
 + Level 0.3 Long Blades
 + Level 0.3 Axes
 + Level 0.3 Maces & Flails
 + Level 4.4 Polearms
 + Level 0.3 Staves
 + Level 0.3 Slings
 + Level 0.3 Bows
 + Level 0.3 Crossbows
 + Level 0.3 Throwing
 + Level 2.4 Armour
 + Level 4.4 Dodging
 + Level 0.3 Stealth
 + Level 0.3 Shields
 + Level 0.3 Unarmed Combat
 + Level 4.9 Spellcasting
 + Level 0.2 Conjurations
 + Level 0.2 Hexes
 + Level 5.3 Charms
 + Level 0.2 Summonings
 + Level 0.2 Necromancy
 + Level 0.2 Translocations
 + Level 0.2 Transmutations
 + Level 0.2 Fire Magic
 + Level 0.2 Ice Magic
 + Level 0.2 Air Magic
 + Level 0.2 Earth Magic
 + Level 0.2 Poison Magic
 + Level 0.4 Invocations
 + Level 0.3 Evocations


You had 5 spell levels left.
You knew the following spells:

 Your Spells              Type           Power        Failure   Level  Hunger
g - Shroud of Golubria    Chrm/Tloc      ##........   10%         2    ##.....
i - Infusion              Chrm           ###.         2%          1    None
y - Song of Slaying       Chrm           ###.....     3%          2    ##.....

Your spell library contained the following spells:

 Spells                   Type           Power        Failure   Level  Hunger
 Regeneration             Chrm/Necr      ##........   21%         3    ###....
 Spectral Weapon          Hex/Chrm       ##......     21%         3    ###....


Dungeon Overview and Level Annotations

Branches:
Dungeon (4/15)             Temple (0/1) D:4

Altars:

Annotations:
D:4 Blork the orc


Innate Abilities, Weirdness & Mutations

Your experience applies equally to all skills.
You have very sharp teeth.
Your uncanny sense of smell can sniff out nearby items.


Message History

There is a stone staircase leading up here.
Unknown command.
Unknown command.
You open the door. 2 orcs, an orc priest and Blork the orc come into view.
Blork the orc is wielding a +1 war axe of freezing.
The orc shouts!
You hear an angry hiss.
The orc priest casts a cantrip, but nothing happens.
Found a papyrus book, a war axe, 10 gold pieces and a ration.
Found a staircase to the Ecumenical Temple.
Unknown command.
Casting: Infusion (safe; 2% risk of failure)
Confirm with . or Enter, or press ? or * to list all spells.
You start singing a song of slaying.
You aren't carrying any potions.
Unknown command.
Casting: Song of Slaying (safe; 3% risk of failure)
Confirm with . or Enter, or press ? or * to list all spells.
Space distorts slightly along a thin shroud covering your body.
The orc hits you with a +0 flail!
You completely miss the orc. You barely miss the orc.
You bite the orc, but do no damage.
You hear an angry hiss.
The orc misses you.
You hit the orc.
The orc is heavily wounded.
The orc closely misses you.
You barely miss the orc. Your bite misses the orc.
The orc is heavily wounded.
The orc hits you with a +0 flail.
You hit the orc.
You kill the orc!
Unknown command.
You hit the orc priest.
The orc priest is moderately wounded.
Blork the orc casts a spell.
Blork the orc seems to speed up.
The orc priest barely misses you.
You hit the orc priest but do no damage.
The orc priest is moderately wounded.
The orc priest hits you but does no damage.
You aren't carrying any potions.
Unknown command.
You aren't carrying any scrolls.
Unknown command.
Throwing (i - inventory)
c - a throwing net (quivered)
{!f}
Press: ? - help, Shift-Dir - straight line, f - orc priest
Aim: an orc priest, wielding a -3 dagger and wearing a +0 chain mail (moderately wounded) Really fire
c - a throwing net {!f}?
You throw a throwing net {!f}.
The throwing net {!f} hits the orc priest.
The orc priest is caught in the net!
The orc priest is moderately wounded.
The orc priest struggles against the net.
You hit the orc priest but do no damage.
The orc priest is moderately wounded.
The orc priest struggles against the net.
You hit the orc priest but do no damage.
The orc priest is moderately wounded.
You hit the orc priest but do no damage.
The orc priest is moderately wounded.
The orc priest struggles against the net.
You hit the orc priest.
The orc priest is heavily wounded.
The orc priest struggles against the net.
You hit the orc priest but do no damage.
The orc priest is heavily wounded.
Blork the orc looks braver for a moment.
The orc priest struggles against the net.
You hit the orc priest.
The orc priest is severely wounded.
The orc priest struggles against the net.
The net rips apart, and the orc priest comes free!
You hit the orc priest but do no damage.
The orc priest is severely wounded.
The orc priest closely misses you.
You aren't carrying any potions.
You hit the orc priest.
You bite the orc priest, but do no damage.
The orc priest is severely wounded.
The orc priest hits you with a cursed -3 dagger.
You hit the orc priest but do no damage.
The orc priest is severely wounded.
Your shroud begins to fray at the edges.
Your shroud bends the orc priest's attack away.
Unknown command.
You hit the orc priest but do no damage.
Your bite misses the orc priest.
The orc priest is severely wounded.
The orc priest closely misses you.
Unknown command.
You barely miss the orc priest.
The orc priest is severely wounded.
The orc priest mumbles some strange prayers to Beogh against you.
Pain shoots through your body!
* * * LOW HITPOINT WARNING * * *
You barely miss the orc priest.
The orc priest is severely wounded.
The orc priest calls down the wrath of Beogh upon you.
Pain shoots through your body!
You die...

#.........#....o.
+.........oo.....
#.........#
#......o##
##.....## #.
####..o#### #.
#.......oo# #.
#.###.###o# #. #.#
#.# #@# #.
#.###.###.## #.
#.##.......#
#.####.#.....#.....
#.<............####
##########.#####
###


You could see Blork the orc, an orc priest and an orc.

Vanquished Creatures
  A leopard gecko (D:1)
  An orc (D:4)
  A giant cockroach (D:1)
  2 jackals (D:1)
  A kobold (D:1)
6 creatures vanquished.

Notes
Turn   | Place    | Note
-------+----------+-------------------------------------------
     0 | D:1      | tidbits the Gnoll Skald began the quest for the Orb.
     0 | D:1      | Reached XP level 1. HP: 20/20 MP: 6/6
    54 | D:1      | Reached XP level 2. HP: 26/26 MP: 1/7
    58 | D:1      | Learned a level 2 spell: Song of Slaying
    61 | D:1      | Learned a level 2 spell: Shroud of Golubria
   171 | D:4      | Found a staircase to the Ecumenical Temple.
   171 | D:4      | Noticed Blork the orc
   199 | D:4      | HP: 5/26 [orc priest/nerve-wracking pain (11)]
   200 | D:4      | Killed from afar by an orc priest

Action                   || total
-------------------------++-------
Melee: Spear             ||    34
       Bite              ||     4
Throw: Throwing net      ||     1
 Cast: Infusion          ||     2
       Shroud of Golubri ||     1
       Song of Slaying   ||     1
Armor: Leather armour    ||     1
Dodge: Dodged            ||    14

Table legend:
 A = Turns spent in this place as a percentage of turns spent in the entire game.
 B = Non-inter-level travel turns spent in this place as a percentage of non-inter-level travel turns spent in the entire game.
 C = Inter-level travel turns spent in this place as a percentage of turns spent in this place.
 D = Turns resting spent in this place as a percentage of non-inter-level travel turns spent in this place.
 E = Turns spent auto-exploring this place as a percentage of non-inter-level travel turns spent in this place.
 F = Non-inter-level travel turns spent in this place divided by the number of levels of this place that you've seen.
                   A       B       C       D       E      F
               +-------+-------+-------+-------+-------+----------------------
         Total | 100.0 | 100.0 |   0.0 |   0.0 |   0.0 |  50.0
       Dungeon | 100.0 | 100.0 |   0.0 |   0.0 |   0.0 |  50.0
               +-------+-------+-------+-------+-------+----------------------

Table legend:
 A = Kills in this place as a percentage of kills in entire the game.
 B = Kills by you in this place as a percentage of kills by you in the entire game.
 C = Kills by friends in this place as a percentage of kills by friends in the entire game.
 D = Other kills in this place as a percentage of other kills in the entire game.
 E = Experience gained in this place as a percentage of experience gained in the entire game.
 F = Experience gained in this place divided by the number of levels of this place that you have seen.
                   A       B       C       D       E      F
               +-------+-------+-------+-------+-------+----------------------
         Total | 100.0 | 100.0 |   N/A |   N/A | 100.0 |   3.5
       Dungeon | 100.0 | 100.0 |   N/A |   N/A | 100.0 |   3.5
               +-------+-------+-------+-------+-------+----------------------

Levels and vault maps discovered:
D:1:      scummos_arrival_star, layout_basic
D:2:      layout_basic
D:3:      layout_basic
D:4:      layout_loops_corners, minmay_temple_entry_offerings, first_ration,
          uniq_blork_the_orc
